 Dungeon Crawl Stone Soup version 0.22-a0-147-gfdd7f25 (webtiles) character file.

500 KristoblXynda the Slasher (level 6, -4/48 HPs)
             Began as a Draconian Gladiator on Feb 6, 2018.
             Slain by a scorpion (9 damage)
             ... on level 4 of the Dungeon.
             The game lasted 00:05:20 (3500 turns).

KristoblXynda the Slasher (Draconian Gladiator)     Turns: 3500, Time: 00:05:20

Health: -4/48      AC:  6    Str: 18    XL:     6   Next: 94%
Magic:  6/6        EV: 15    Int: 10    God:
Gold:   177        SH:  0    Dex: 15    Spells: 5/5 levels left

rFire    . . .     SeeInvis +   a - +0 long sword
rCold    . . .     Gourm    .   (no shield)
rNeg     . . .     Faith    .   (armour unavailable)
rPois    .         Spirit   .   b - +0 hat
rElec    .         Reflect  .   (no cloak)
rCorr    .         Harm     .   (no gloves)
MR       .....                  (no boots)
Stlth    +.........             (no amulet)
HPRegen  0.16/turn              l - ring of see invisible
MPRegen  0.10/turn              (no ring)

@: lethally poisoned (-4 -> -26)
A: unfitting armour, agile 1, strong 1, cold-blooded, AC +6
a: no special abilities


You were on level 4 of the Dungeon.
You were not hungry.

You visited 1 branch of the dungeon, and saw 4 of its levels.

You collected 177 gold pieces.

Inventory:

Hand Weapons
 a - a +0 long sword (weapon)
Missiles
 c - 4 throwing nets (quivered)
 g - 6 tomahawks of dispersal
Armour
 b - a +0 hat (worn)
Jewellery
 l - a ring of see invisible (left hand)
Scrolls
 f - a scroll of magic mapping {unknown}
 h - a scroll of blinking {unknown}
 i - a scroll of enchant weapon {unknown}
 j - a scroll of remove curse {unknown}
 n - a scroll of fog
Comestibles
 d - 4 rations


   Skills:
 - Level 2.1 Fighting
 * Level 6.6 Long Blades
 - Level 2.0 Throwing
 + Level 4.6 Dodging


You had 5 spell levels left.
You didn't know any spells.

Dungeon Overview and Level Annotations

Branches:
Dungeon (4/15)
 Temple: D:4-7

Altars:
Cheibriados
Nemelex Xobeh
Wu Jian

Annotations:
D:4 Daviar's ghost, amateur OpFi


Innate Abilities, Weirdness & Mutations

Your plain brown scales are hard. (AC +6)
You cannot fit into any form of body armour.
You are cold-blooded and may be slowed by cold attacks.
You are agile. (Dex +2)
Your muscles are strong. (Str +2)


Message History

You tail-slap the scorpion, but do no damage.
The scorpion is heavily wounded.
The scorpion stings you! The scorpion stings you.
You hit the scorpion but do no damage.
Your tail-slap misses the scorpion.
The scorpion is heavily wounded.
You feel sick. The scorpion stings you!
* * * LOW HITPOINT WARNING * * *
You are lethally poisoned!
The scorpion poisons you!
You barely miss the scorpion.
The scorpion is heavily wounded.
* * * LOW HITPOINT WARNING * * *
You feel sick. The scorpion stings you.
* * * LOW HITPOINT WARNING * * *
You are more poisoned.
The scorpion poisons you!
You feel magically purged.
* * * LOW HITPOINT WARNING * * *
You feel sick. The scorpion stings you!
You die...

#.## ( #.#
## ...
.... .....
####......
#.@s.....#
#.##...#.#
#.# ..#
##.# .#
#<.# #
.........#
#######.##
#.# #..


You could see a scorpion.

Vanquished Creatures
  The ghost of Sinthome the Skirmisher, an amateur HOFi (D:3)
  An ogre (D:4)
  3 hounds (D:4)
  2 orc wizards (D:4)
  A worker ant (D:4)
  6 adders
  An adder zombie (D:2)
  An adder skeleton (D:3)
  2 worms
  4 dart slugs
  3 leopard geckos
  4 orcs
  3 giant cockroaches
  6 goblins
  6 hobgoblins
  14 jackals
  A quokka (D:2)
  A ball python (D:3)
  7 bats
  5 frilled lizards
  7 kobolds
  3 rats
82 creatures vanquished.

Notes
Turn   | Place    | Note
-------+----------+-------------------------------------------
     0 | D:1      | KristoblXynda the Draconian Gladiator began the quest for the Orb.
     0 | D:1      | Reached XP level 1. HP: 17/17 MP: 1/1
    99 | D:1      | Reached XP level 2. HP: 24/24 MP: 2/2
   812 | D:2      | Reached XP level 3. HP: 19/29 MP: 3/3
  1097 | D:2      | Found an ornate altar of the Wu Jian Council.
  1222 | D:2      | Reached skill level 4 in Long Blades
  1521 | D:2      | Reached XP level 4. HP: 31/36 MP: 4/4
  1574 | D:2      | Found a snail-covered altar of Cheibriados.
  1812 | D:3      | Noticed Sinthome's ghost (amateur HOFi)
  1955 | D:3      | Gained mutation: Your muscles are strong. (Str +2) [potion of mutation]
  1955 | D:3      | Gained mutation: You are agile. (Dex +2) [potion of mutation]
  1962 | D:3      | Killed Sinthome's ghost
  1962 | D:3      | Reached skill level 5 in Long Blades
  1962 | D:3      | Reached XP level 5. HP: 34/41 MP: 5/5
  2574 | D:3      | Found a sparkling altar of Nemelex Xobeh.
  2908 | D:4      | Noticed Daviar's ghost (amateur OpFi)
  2938 | D:4      | Noticed an ogre
  2950 | D:4      | Reached XP level 6. HP: 39/48 MP: 6/6
  2959 | D:4      | Reached skill level 6 in Long Blades
  3500 | D:4      | Slain by a scorpion

Vault maps used:
D:1:      sevenhm_arrival_forest_fort_small_4
D:2:      lemuel_doored_altar, kennysheep_slug_shrine
D:3:      nemelex_altar_shiori, minmay_misc_feat_plants

Skill      XL: |  1  2  3  4  5  6 |
---------------+-------------------+-----
Throwing       | 2 |  2.0
Dodging        | 3 4 |  4.6
Long Blades    | 4 5 6 |  6.6
Fighting       | |  2.1

Action                   |  1- 3 |  4- 6 || total
-------------------------+-------+-------++-------
Melee: Long sword        |    77 |   167 ||   244
       Tailslap          |    11 |    25 ||    36
  Use: Potion            |       |     5 ||     5
       Scroll            |       |     7 ||     7
 Stab: Sleeping          |     1 |     1 ||     2
  Eat: Chunk             |     2 |     6 ||     8
       Ration            |       |     1 ||     1
Armor: Skin              |    28 |    44 ||    72
Dodge: Dodged            |    56 |   168 ||   224
       Rpst.: Long sword |    19 |    53 ||    72

Table legend:
 A = Spawn XP
 B = Non-spawn XP
 C = Spawn XP percentage of total XP
 D = Spawn monster count
 E = Non-spawn monster count
 F = Spawn count percentage of total count
 G = Total turns spent on level
                    A         B        C        D         E        F      G
               +---------+---------+-------+---------+---------+-------+---------
         Total |       0 |     715 |   0.0 |       0 |      82 |   0.0 |  3500
               +---------+---------+-------+---------+---------+-------+---------
           D:1 |       0 |      34 |   0.0 |       0 |      19 |   0.0 |   744
           D:2 |       0 |      83 |   0.0 |       0 |      23 |   0.0 |  1087
           D:3 |       0 |     197 |   0.0 |       0 |      21 |   0.0 |  1302
           D:4 |       0 |     401 |   0.0 |       0 |      19 |   0.0 |   367
               +---------+---------+-------+---------+---------+-------+---------
